 Dungeon Crawl Stone Soup version 0.26.1-11-gd32895ea62 (webtiles) character file.

Game seed: 12115092134691130016

107 Exodus22XD the Chopper (level 4, -1/41 HPs)
             Began as a Hill Orc Monk on Apr 27, 2021.
             Was a Believer of Beogh.
             Slain by an orc wizard
             ... wielding a +1 dagger of venom
              (2 damage)
             ... on level 3 of the Dungeon.
             The game lasted 00:03:34 (2199 turns).

Exodus22XD the Chopper (Hill Orc Monk)              Turns: 2199, Time: 00:03:34

Health: -1/41      AC:  5    Str: 12 (14) XL:     4   Next: 85%
Magic:  4/4        EV: 11    Int:  8 (10) God:    Beogh [**....]
Gold:   132        SH:  0    Dex: 11 (13) Spells: 3/3 levels left

rFire    . . .     SeeInvis .   a - +0 hand axe
rCold    . . .     Faith    +   (no shield)
rNeg     . . .     Spirit   .   h - +0 ring mail
rPois    .         Reflect  .   (no helmet)
rElec    .         Harm     .   (no cloak)
rCorr    .         Rampage  .   (no gloves)
Will     .....                  (no boots)
Stlth    +.........             d - amulet of faith
HPRegen  0.13/turn              (no ring)
MPRegen  0.09/turn              (no ring)

@: lethally poisoned (-1 -> -38), hasted, very quick
A: no striking features
a: Renounce Religion, Smiting


You were on level 3 of the Dungeon.
You worshipped Beogh.
Beogh was pleased with you.
You visited 1 branch of the dungeon, and saw 4 of its levels.

You collected 132 gold pieces.

Inventory:

Hand Weapons
 a - a +0 hand axe (weapon)
Armour
 h - a +0 ring mail (worn)
Jewellery
 d - an amulet of faith (around neck)
 e - an uncursed amulet of regeneration {unknown}
 j - an uncursed amulet of guardian spirit {unknown}
 m - an uncursed ring of flight
Scrolls
 b - a scroll of fear
 i - a scroll of remove curse {unknown}
 k - a scroll of magic mapping {unknown}
 l - 2 scrolls of amnesia {unknown}
 o - a scroll of teleportation {unknown}
 p - a scroll of fog {unknown}
Potions
 f - a potion of might
 g - a potion of mutation
 n - a potion of degeneration


   Skills:
 + Level 4.3 Fighting
 + Level 5.6 Axes
 * Level 2.5 Armour
 - Level 2.4 Dodging
 - Level 1.5 Stealth
 * Level 0.2 Invocations


You had 3 spell levels left.
You didn't know any spells.
Your spell library was empty.

Dungeon Overview and Level Annotations

Branches:
Dungeon (4/15)
 Temple: D:4-7

Altars:
Gozag
The Shining One


Message History

* * * LOW HITPOINT WARNING * * *
You feel sick. Something hits you but does no damage.
You are more poisoned.
You hit something but do no damage.
* * * LOW HITPOINT WARNING * * *
You feel sick. Something hits you.
* * * LOW HITPOINT WARNING * * *
You are more poisoned.
You barely miss something.
* * * LOW HITPOINT WARNING * * *
You feel sick.
You miss something.
* * * LOW HITPOINT WARNING * * *
You feel sick. Something hits you but does no damage.
You are more poisoned.
You hit something.
* * * LOW HITPOINT WARNING * * *
You feel sick. Something hits you.
You die...
Beogh appreciates something's killing of a heretic priest.

#.###....#.#.....#
#.#.#....†.#.#.#.#
#.#.#.#......#.#.#
#.#.#.#..#.#####.#
#.#..............# ........#
##.########........
.........
#.†#...............
........#
#)##...............
........#
#.@)..#############
........# #){##.# #.......
........# #..##.# ###.######
........#######..##.#
#.........
.........†).).#..##.#
#.#.######
........#####.#..##.# #.#.#
.......#...[#)#..##.####.#.#
...###....>o)....##......#.#
.....'......)....#########.#


There were no monsters in sight!

Vanquished Creatures
  4 adders
  A worm (D:2)
  A dart slug (D:1)
  A leopard gecko (D:2)
  7 orcs (D:3)
  2 ball pythons
  2 giant cockroaches (D:2)
  2 gnoll zombies (D:4)
  11 hobgoblins
  7 bats
  A frilled lizard (D:1)
  6 goblins
  6 kobolds
  A leopard gecko skeleton (D:4)
  3 rats
55 creatures vanquished.

Vanquished Creatures (others)
  An orc priest (D:3)
  An orc wizard (D:3)
  An adder (D:3)
  A dart slug (D:3)
  3 orcs (D:3)
  A goblin (D:3)
8 creatures vanquished.

Grand Total: 63 creatures vanquished

Notes
Turn   | Place    | Note
-------+----------+-------------------------------------------
     0 | D:1      | Exodus22XD the Hill Orc Monk began the quest for the Orb.
     0 | D:1      | Reached XP level 1. HP: 19/19 MP: 1/1
   161 | D:1      | Reached XP level 2. HP: 27/27 MP: 2/2
   683 | D:1      | Reached skill level 1 in Armour
   839 | D:2      | Reached XP level 3. HP: 33/33 MP: 3/3
  1096 | D:2      | Reached skill level 5 in Axes
  1138 | D:2      | Found an opulent altar of Gozag.
  1191 | D:2      | Found a glowing golden altar of the Shining One.
  1450 | D:2      | You fall into a shaft and drop 2 floors!
  1642 | D:3      | Reached XP level 4. HP: 40/40 MP: 4/4
  1842 | D:3      | Became a worshipper of Beogh the Brigand
  1842 | D:3      | Reached * piety under Beogh
  1842 | D:3      | Reached ** piety under Beogh
  1847 | D:3      | HP: 1/41 [howler monkey (6)]
  2199 | D:3      | HP: 1/41 [poisoned by an orc wizard]
  2199 | D:3      | Slain by an orc wizard

Illustrated notes

Levels and vault maps discovered:
D:1:      tarquinn_simple_flora_water_f, layout_basic
D:2:      layout_loops_cross, overflow_temple_1_default, tso_altar,
          nicolae_overflow_hidden_temple
D:3:      layout_basic
D:4:      layout_cave_pods, bloody_trog, lemuel_round_altar,
          lemuel_zombie_altar_yredelemnul, zin_statuary, uniq_natasha,
          uniq_robin

Skill      XL: |  1  2  3  4 |
---------------+-------------+-----
Fighting       | 4 |  4.3
Armour         | 1 2 |  2.5
Axes           | 5 |  5.6
Dodging        | |  2.4
Stealth        | |  1.5
Invocations    | |  0.2

Action                   |  1- 3 |  4- 6 || total
-------------------------+-------+-------++-------
Melee: Hand axe          |   137 |    81 ||   218
Invok: Convert to Beogh  |       |     1 ||     1
  Use: Scroll            |     3 |     1 ||     4
       Potion            |       |     3 ||     3
Armor: Ring mail         |    47 |    27 ||    74
       Robe              |     6 |       ||     6
Dodge: Dodged            |    87 |    58 ||   145
